 Dungeon Crawl Stone Soup version 0.27-a0-1196-g3e9cee4cb2 (console) character file.

Game seed: 18195625998578460389

18 Hector the Skirmisher (level 2, -3/25 HPs)
             Began as a Djinni Abyssal Knight on May 27, 2021.
             Was a Follower of Lugonu.
             Slain by Terence
             ... wielding a +0 morningstar
              (11 damage)
             ... on level 2 of the Dungeon.
             The game lasted 00:02:57 (1427 turns).

Hector the Skirmisher (Djinni Abyssal Knight)       Turns: 1427, Time: 00:02:57

Health: -3/25      AC:  3    Str: 11    XL:     2   Next: 85%
Gold:   16         EV: 11    Int: 13    God:    Lugonu [*.....] SH:  0 Dex: 12

rFire    + + .     SeeInvis .   a - +1 falchion
rCold    x . .     Faith    .   (no shield)
rNeg     . . .     Spirit   .   b - +0 leather armour
rPois    ∞         Reflect  .   (no helmet)
rElec    .         Harm     .   (no cloak)
rCorr    +         Rampage  .   (no gloves)
Will     .....                  (boots unavailable)
Stlth    +.........             (no amulet)
HPRegen  0.08/turn              c - ring of resist corrosion
MPRegen  0.00/turn              (no ring)

@: flying
A: sickness immunity, fire resistance 2, cold vulnerability 1, float, innate
caster, hp casting, extra vitality 1
a: Renounce Religion, Depart the Abyss


You were on level 2 of the Dungeon.
You worshipped Lugonu.
Lugonu was aware of your devotion.
You visited 1 branch of the dungeon, and saw 2 of its levels.
You visited the Abyss 1 time.

You collected 16 gold pieces.

Inventory:

Hand Weapons
 a - a +1 falchion (weapon)
Missiles
 g - 63 stones
 i - 5 atropa-tipped darts
 j - 18 poisoned darts
Armour
 b - a +0 leather armour (worn)
Jewellery
 c - a ring of resist corrosion (left hand)
Scrolls
 d - a scroll of identify {unknown}
 e - 2 scrolls of teleportation {unknown}
 f - 2 scrolls of amnesia {unknown}
 h - a scroll of fear {unknown}
Potions
 k - a potion of invisibility {unknown}


   Skills:
 + Level 3.3 Fighting
 * Level 2.1 Long Blades
 - Level 1.0 Armour
 + Level 2.3 Dodging
 * Level 0.3 Spellcasting
 * Level 1.9 Invocations


You had one spell level left.
You didn't know any spells.
Your spell library was empty.

Dungeon Overview and Level Annotations

Branches:
Dungeon (2/15)

Altars:
Uskayaw

Annotations:
D:2 Terence


Innate Abilities, Weirdness & Mutations

You are immune to sickness and miasma.
You are immune to poison.
Your flesh is very heat resistant. (rF++)
You are vulnerable to cold. (rC-)
You float through the air rather than walking.
You learn spells naturally, not from books.
Your magical power is your life essence.
You have superior vitality. (+4 HP)


Message History

The kobold hits you but does no damage.
You hit the kobold.
The kobold is moderately wounded.
Terence the Incautious comes into view.
He is wielding a +0 morningstar.
The kobold barely misses you.
Terence shouts!
You hit the kobold but do no damage.
The kobold is moderately wounded.
The kobold hits you with a +0 short sword.
You completely miss the kobold.
The kobold is moderately wounded.
The kobold hits you with a +0 short sword.
You hit the kobold.
The kobold is severely wounded.
The kobold closely misses you.
You hit the kobold.
You kill the kobold!
Lugonu accepts your kill.
You closely miss Terence. Terence closely misses you.
Terence hits you with a +0 morningstar!
You hit Terence but do no damage. Terence hits you with a +0 morningstar.
You barely miss Terence. Terence barely misses you.
You barely miss Terence.
Terence shouts, "DIE!!!"
Terence hits you with a +0 morningstar.
* * * LOW HITPOINT WARNING * * *
Okay, then.
Terence screams, "I want your blood!"
There is an open door here.
Terence says, "How do you enjoy it?"
There is an open door here.
There is an open door here.
Terence shouts, "Get ready for death!"
Terence hits you with a +0 morningstar.
* * * LOW HITPOINT WARNING * * *
Terence says, "Rest in peace."
Terence says, "Don't bother to defend, it's useless."
There is a stone staircase leading up here.
Terence hits you with a +0 morningstar!
You die...

.#######.###.#
#.#..........
...........#.#
#.##.#)#†###.
.#######.#.#.#
#.##.....# ##
#......#.#.####.####.###
#.####.#)#.#....####.##
. #.# #.#..............#
# #.# #...#............#
#######.#
#.#.#....#######.#
#.....#.######.#@...#
#.#
#.....#........#@...#
#.#
#.....#..#####.#....#
#.#
#.....#..#####.#....#
#.#
'.....'..........####
#.# #.....##.#######.#
#.# #.....##.# #.# #.#
#.....##.# #.# #.#
#......#.# #.# #.#


You could see Terence.

Vanquished Creatures
  A dart slug (D:2)
  3 goblins
  2 hobgoblins (D:1)
  4 jackals (D:1)
  A kobold (D:2)
  A ball python (D:1)
  2 frilled lizards
14 creatures vanquished.

Notes
Turn   | Place    | Note
-------+----------+-------------------------------------------
     0 | Abyss:1  | Hector the Djinni Abyssal Knight began the quest for the
                  | Orb.
     0 | Abyss:1  | Reached XP level 1. HP: 20/20 MP: 0/0
    99 | D:1      | Escaped the Abyss
   337 | D:1      | Reached XP level 2. HP: 25/25 MP: 0/0
   353 | D:1      | Found a faded altar of an unknown god.
  1277 | D:2      | Found a hide-covered altar of Uskayaw.
  1355 | D:2      | Noticed Terence
  1427 | D:2      | Slain by Terence

Illustrated notes

Levels and vault maps discovered:
D:1:      minmay_arrival_glassed_features, layout_basic,
          chequers_ecumenical_altar_twisty
D:2:      layout_basic, basic_altar, uniq_terence

Skill      XL: |  1 |
---------------+----+-----
Long Blades    | 2 |  2.1
Fighting       | |  3.3
Armour         | |  1.0
Dodging        | |  2.3
Spellcasting   | |  0.3
Invocations    | |  1.9

Action                   || total
-------------------------++-------
Melee: Falchion          ||    49
Armor: Leather armour    ||    20
Dodge: Dodged            ||    28
       Rpst.: Falchion   ||     9

Table legend: (Time is in decaauts)
 A = Elapsed time spent in this place.
 B = Non-inter-level travel time spent in this place.
 C = Inter-level travel time spent in this place.
 D = Time resting spent in this place.
 E = Time spent auto-exploring this place.
 F = Levels seen in this place.
 G = Mean time per level.
                   A        B        C        D        E       F      G
               +--------+--------+--------+--------+--------+-----+--------+
         Total |   1438 |   1327 |    111 |      0 |   1116 |   3 |  479.3 |
       Dungeon |   1340 |   1229 |    111 |      0 |   1028 |   2 |  670.0 |
         Abyss |     98 |     98 |      0 |      0 |     88 |   1 |   98.0 |
               +--------+--------+--------+--------+--------+-----+--------+

Top non-repeatable levels by time:
     D:1: 962 daAuts
     D:2: 378 daAuts
 Abyss:1: 98 daAuts
